 Dungeon Sprint DCSS version 0.28-a0-239-g68911e0c57 (webtiles) character file.

Game seed: 14708535709158110333

210 MikeHunt the Cleaver (level 5, -9/43 HPs)
             Began as a Palentonga Fighter on Aug 23, 2021.
             Was a Follower of Okawaru.
             Killed from afar by a lindwurm (30 damage)
             ... with a blast of flame
             ... in the Dungeon (Sprint VII: "The Pits").
             The game lasted 00:01:51 (753 turns).

MikeHunt the Cleaver (Palentonga Fighter)            Turns: 753, Time: 00:01:51

Health: -9/43      AC: 12    Str: 19    XL:     5   Next: 57%
Magic:  3/5        EV:  7    Int:  8    God:    Okawaru [*.....]
Gold:   0          SH: 11    Dex: 11    Spells: 4/4 levels left

rFire   . . .      SeeInvis +   a - +0 war axe
rCold   . . .      Faith    .   c - +0 kite shield
rNeg    . . .      Spirit   .   l - +3 chain mail
rPois   .          Reflect  .   (no helmet)
rElec   .          Harm     .   (no cloak)
rCorr   .          Rampage  .   (no gloves)
Will    .....      NoTele   +   (no barding)
Stlth   ..........              (no amulet)
HPRegen 0.14/turn               (no ring)
MPRegen 0.09/turn               (no ring)

@: heroic
A: large, rugged brown scales 3, see invisible, deformed body, roll 1, armoured
tail
a: Rolling Charge, Renounce Religion, Heroism


You were in the Dungeon.
You worshipped Okawaru.
Okawaru was aware of your devotion.
You visited 1 branch

Inventory:

Hand Weapons
 a - a +0 war axe (weapon)
Armour
 b - a +0 scale mail
 c - a +0 kite shield (worn)
 l - a +3 chain mail (worn)
Scrolls
 j - a scroll of blinking
Potions
 d - a potion of might
 e - 6 potions of curing
 f - 6 potions of heal wounds
 g - a potion of haste
 h - 4 potions of magic
 i - 2 potions of berserk rage
 k - 2 potions of invisibility


   Skills:
 - Level 3.0(8.0) Fighting
 + Level 8.5(13.5) Axes
 - Level 2.4(7.4) Armour
 + Level 7.3(12.3) Shields
 + Level 0.0 Invocations


You had 4 spell levels left.
You didn't know any spells.
Your spell library was empty.

Dungeon Overview and Level Annotations

Branches:
Dungeon (1/1)

Altars:
Ashenzari
Cheibriados
Dithmenos
Elyvilon
Fedhas
Gozag
Hepliaklqana
Kikubaaqudgha
Makhleb
Nemelex Xobeh
Okawaru
Qazlal
Ru
Sif Muna
Trog
Uskayaw
Vehumet
Wu Jian
Xom
Yredelemnul
Zin
The Shining One
Beogh
Jiyva
Lugonu


Innate Abilities, Weirdness & Mutations

You are completely covered in rugged brown scales. (AC +3, +7% HP)
You have supernaturally acute eyesight. (SInv)
Armour fits poorly on your strangely shaped body.
You can roll at nearby foes to attack.
You have a long armoured tail.


Message History

You are exhausted.
You feel yourself slow down.
You start waiting.
You feel yourself speed up.
You recover from your berserk rage.
Done waiting.
You open the door.
A kobold comes into view. It is wielding a +0 whip.
You closely miss the kobold. The kobold hits you but does no damage.
You closely miss the kobold. The kobold hits you but does no damage.
You barely miss the kobold. You block the kobold's attack.
The kobold completely misses you.
You miss the kobold. The kobold hits you but does no damage.
You hit the kobold but do no damage. The kobold hits you but does no damage.
You barely miss the kobold. The kobold hits you but does no damage.
You closely miss the kobold. You block the kobold's attack.
You closely miss the kobold. You block the kobold's attack.
You hit the kobold but do no damage. The kobold hits you with a +0 whip.
The kobold hits you but does no damage.
You miss the kobold. You tail-slap the kobold.
You kill the kobold!
Okawaru accepts your kill.
There is an open door here.
Things that are here:
a +0 whip; a kobold corpse No target in view!
You gain the combat prowess of a mighty hero.
You open the door.
A lindwurm comes into view.
The lindwurm roars!
The lindwurm breathes flames at you. The blast of flame hits you!
You block the lindwurm's attack. x2; The lindwurm claws you.
There is an open door here.
You hit the lindwurm but do no damage. You barely miss the lindwurm.
The lindwurm breathes flames at you. The blast of flame hits you!!
Ouch! That really hurt!
You die...

#.#........##.......#
#.#........##.......#
#'###########.......#
#)).....# #########
#.......# #...#...#
#..###..#+#
#...#...#k+
#.......#@#
#.......).#
###########


You could see a lindwurm (catching breath).

Vanquished Creatures
  A flying skull (D)
  2 gnolls (D)
  A white imp (D)
  5 orcs (D)
  2 endoplasms (D)
  2 hobgoblins (D)
  4 jackals (D)
  3 bats (D)
  A frilled lizard (D)
  A kobold (D)
  A rat (D)
23 creatures vanquished.

Notes
Turn   | Place    | Note
-------+----------+-------------------------------------------
     0 | D        | MikeHunt the Palentonga Fighter began the quest for the
                  | Orb.
     0 | D        | Reached XP level 1. HP: 19/19 MP: 1/1
    15 | D        | Reached skill level 3 in Axes
    15 | D        | Reached XP level 2. HP: 13/25 MP: 2/2
   142 | D        | Found a bloodstained altar of Trog.
   142 | D        | Found a shimmering blue altar of Sif Muna.
   142 | D        | Found a viscous altar of Jiyva.
   142 | D        | Found a hazy altar of Hepliaklqana.
   142 | D        | Found an opulent altar of Gozag.
   143 | D        | Found a glowing golden altar of the Shining One.
   143 | D        | Found a glowing silver altar of Zin.
   143 | D        | Found a basalt altar of Yredelemnul.
   143 | D        | Found a shimmering altar of Xom.
   143 | D        | Found an ornate altar of the Wu Jian Council.
   143 | D        | Found a sacrificial altar of Ru.
   143 | D        | Found a stormy altar of Qazlal.
   143 | D        | Found an iron altar of Okawaru.
   143 | D        | Found a sparkling altar of Nemelex Xobeh.
   143 | D        | Found a burning altar of Makhleb.
   143 | D        | Found a blossoming altar of Fedhas.
   143 | D        | Found a white marble altar of Elyvilon.
   143 | D        | Found a shadowy altar of Dithmenos.
   143 | D        | Found a snail-covered altar of Cheibriados.
   144 | D        | Found a radiant altar of Vehumet.
   144 | D        | Found a corrupted altar of Lugonu.
   145 | D        | Found an ancient bone altar of Kikubaaqudgha.
   145 | D        | Found a hide-covered altar of Uskayaw.
   145 | D        | Found a broken altar of Ashenzari.
   149 | D        | Became a worshipper of Warmaster Okawaru
   195 | D        | Reached skill level 4 in Axes
   306 | D        | Reached XP level 3. HP: 5/31 MP: 3/3
   617 | D        | Noticed a flying skull
   620 | D        | Reached skill level 5 in Axes
   625 | D        | Killed a flying skull
   625 | D        | Reached * piety under Okawaru
   626 | D        | Reached skill level 8 in Axes
   626 | D        | Reached XP level 4. HP: 37/37 MP: 4/4
   626 | D        | Reached XP level 5. HP: 43/43 MP: 5/5
   750 | D        | Noticed a lindwurm
   753 | D        | Killed from afar by a lindwurm

Illustrated notes

Levels and vault maps discovered:
D:        pitsprint [storerooms_1, entrance_room_1, metal_vault_5, armoury_2,
          mini_pit_1, grid_room_1, main_hall_1, silver_pit, the_coven_3,
          the_vestibule_1, steel_vault_1, golden_pit, hallway_of_sentries,
          crystal_vault_2, iron_vault_3, final_vault]

Skill      XL: |  1  2  3 |
---------------+----------+-----
Axes           | 3 4 8 |  8.5
Shields        | 3 4 7 |  7.3
Fighting       | |  3.0
Armour         | |  2.4

Action                   |  1- 3 |  4- 6 || total
-------------------------+-------+-------++-------
Melee: War axe           |    38 |    15 ||    53
       Tailslap          |     6 |     1 ||     7
Invok: Heroism           |       |     1 ||     1
  Use: Potion            |     1 |       ||     1
Armor: Scale mail        |    30 |       ||    30
       Chain mail        |     7 |     7 ||    14
Dodge: Dodged            |    12 |     1 ||    13
Block: Kite shield       |    15 |     6 ||    21

Table legend: (Time is in decaauts)
 A = Elapsed time spent in this place.
 B = Non-inter-level travel time spent in this place.
 C = Inter-level travel time spent in this place.
 D = Time resting spent in this place.
 E = Time spent auto-exploring this place.
 F = Levels seen in this place.
 G = Mean time per level.
                   A        B        C        D        E       F      G
               +--------+--------+--------+--------+--------+-----+--------+
         Total |    774 |    774 |      0 |    574 |      0 |   1 |  774.0 |
       Dungeon |    774 |    774 |      0 |    574 |      0 |   1 |  774.0 |
               +--------+--------+--------+--------+--------+-----+--------+

Top non-repeatable levels by time:
       D: 774 daAuts
